 Dungeon Crawl Stone Soup version 0.30-a0-626-gd6a5dd7a1f (webtiles) character file.

Game seed: 8494749741185199537

106 acebull12 the Conjurer (level 4, -2/21 HPs)
             Began as a Spriggan Conjurer on Jan 11, 2023.
             Slain by a killer bee (9 damage)
             ... on level 8 of the Dungeon.
             The game lasted 00:06:59 (3628 turns).

acebull12 the Conjurer (Spriggan Conjurer)          Turns: 3628, Time: 00:07:00

Health: -2/21      AC:  2    Str:  3    XL:     4   Next: 55%
Magic:  3/10       EV: 17    Int: 19    God:
Gold:   255        SH:  0    Dex: 15    Spells: 8/9 levels left

rFire   . . .      SeeInvis +    g - +0 dagger
rCold   . . .      Faith    .    (no shield)
rNeg    . . .      Spirit   .    a - +0 robe
rPois   .          Reflect  .    (helmet restricted)
rElec   .          Harm     .    (no cloak)
rCorr   .          Rampage  .    (gloves unavailable)
Will    .....                    (boots unavailable)
Stlth   ++                       (no amulet)
HPRegen 0.23/turn                (no ring)
MPRegen 0.12/turn                (no ring)

@: lethally poisoned (-2 -> -9), very quick
A: very small, no large weapons, unfitting armour, see invisible, speed 3
a: no special abilities


You were on level 8 of the Dungeon.
You visited 1 branch of the dungeon, and saw 6 of its levels.

You collected 255 gold pieces.

Inventory:

Hand Weapons
 g - a +0 dagger (weapon)
Missiles
 j - 5 stones
Armour
 a - a +0 robe (worn)
Scrolls
 c - a scroll of enchant weapon {unknown}
 d - 9 scrolls of identify {unknown}
 f - a scroll of amnesia {unknown}
 i - a scroll of fear {unknown}
 k - a scroll of noise {unknown}
 m - a scroll of summoning {unknown}
 o - a scroll of fog {unknown}
 p - a scroll of blinking {unknown}
 q - 3 scrolls of teleportation {unknown}
Potions
 b - a potion of magic
 e - a potion of lignification {unknown}
 h - 2 potions of haste {unknown}
 l - a potion of flight {unknown}
 n - 2 potions of heal wounds {unknown}
 r - a potion of attraction {unknown}


   Skills:
 * Level 0.9 Short Blades
 + Level 3.2 Dodging
 * Level 3.6 Stealth
 + Level 3.4 Spellcasting
 + Level 3.9 Conjurations


You had 8 spell levels left.
You knew the following spells:

 Your Spells              Type           Power      Damage    Failure   Level
a - Magic Dart            Conj           72%        1d6       2%          1

Your spell library contained the following spells:

 Spells                   Type           Power      Damage    Failure   Level
 Searing Ray              Conj           36%        2d5       4%          2
 Kiss of Death            Conj/Necr      40%        2d8       6%          1
 Summon Small Mammal      Summ           12%        N/A       14%         1
 Dazzling Flash           Conj/Hex       20%        N/A       19%         3
 Call Canine Familiar     Summ           3%         N/A       41%         3
 Confusing Touch          Hex            3%         N/A       41%         3
 Summon Guardian Golem    Hex/Summ       3%         N/A       41%         3
 Fulminant Prism          Conj/Hex       5%         3d7       54%         4
 Iskenderun's Mystic Bla  Conj/Tloc      10%        2d4       54%         4
 Dispel Undead            Necr           3%         3d7       82%         4
 Freezing Cloud           Conj/Ice/Air   4%         6-21      93%         5
 Agony                    Necr           3%         N/A       99%         5
 Silence                  Hex/Air        1%         N/A       99%         5
 Simulacrum               Ice/Necr       1%         N/A       100%        6
 Polar Vortex             Ice            1%         N/A       100%        9


Dungeon Overview and Level Annotations

Branches:
Dungeon (8/15)
 Temple: D:4-7         Lair: D:8-11

Altars:
Qazlal

Annotations:
D:4 2 transporters, Pikel; avis's ghost, amateur DgWr


Innate Abilities, Weirdness & Mutations

You are very small and have problems with some larger weapons.
You are too small for most types of armour.
You have supernaturally acute eyesight. (SInv)
You cover ground extremely quickly. (Speed+++)


Message History

Aim: a killer bee (100% to hit)
The magic dart hits the killer bee.
The killer bee is lightly wounded.
A killer bee comes into view. x2
Unknown command.
The killer bee attacks as you move away!
The killer bee stings you. The killer bee closely misses you.
There is a stone staircase leading down here.
The killer bee closely misses you. The wight completely misses you.
The killer bee barely misses you.
You climb downwards.
There is a stone staircase leading up here.
Casting: Magic Dart (safe; 2% risk of failure)
Confirm with . or Enter, or press ? or * to list all spells.
Aiming: Magic Dart (safe; 2% risk of failure)
Press: ? - help, Shift-Dir - straight line, f - killer bee
Aim: a killer bee (lightly wounded, 100% to hit)
The magic dart hits the killer bee.
The killer bee is moderately wounded.
The killer bee stings you! The killer bee closely misses you.
Casting: Magic Dart (safe; 2% risk of failure)
Confirm with . or Enter, or press ? or * to list all spells.
Aiming: Magic Dart (safe; 2% risk of failure)
Press: ? - help, Shift-Dir - straight line, f/p - killer bee
Aim: a killer bee (moderately wounded, 100% to hit)
The magic dart hits the killer bee.
The killer bee is heavily wounded.
The killer bee closely misses you. The killer bee stings you.
You are lethally poisoned!
The killer bee poisons you!
Casting: Magic Dart (safe; 2% risk of failure)
Confirm with . or Enter, or press ? or * to list all spells.
Aiming: Magic Dart (safe; 2% risk of failure)
Press: ? - help, Shift-Dir - straight line, f/p - killer bee
Aim: a killer bee (heavily wounded, 100% to hit)
The magic dart hits the killer bee.
The killer bee is severely wounded.
You feel very sick. The killer bee completely misses you.
The killer bee stings you!
You die...

######
#....#
#....#
#..y.#
#...@#
#....#
#......#
#.##.###
# #. ##


You could see a killer bee.

Vanquished Creatures
  A jelly (D:7)
  2 adders (D:2)
  A worm (D:3)
  A dart slug (D:4)
  An orc (D:4)
  5 ball pythons
  3 endoplasms
  7 goblins
  9 hobgoblins
  5 kobolds
  6 quokkas
  3 bats
  A frilled lizard (D:3)
  3 rats (D:1)
48 creatures vanquished.

Notes
Turn   | Place    | Note
-------+----------+-------------------------------------------
     0 | D:1      | acebull12 the Spriggan Conjurer began the quest for the
                  | Orb.
     0 | D:1      | Reached XP level 1. HP: 9/9 MP: 5/5
   231 | D:1      | Reached XP level 2. HP: 13/13 MP: 3/6
  1007 | D:2      | Reached XP level 3. HP: 16/16 MP: 2/8
  2299 | D:3      | Found a stormy altar of Qazlal.
  2511 | D:3      | Reached XP level 4. HP: 21/21 MP: 6/9
  3002 | D:4      | Noticed Pikel
  3002 | D:4      | Noticed a lemure
  3003 | D:4      | Noticed a lemure
  3003 | D:4      | Noticed a lemure
  3005 | D:4      | Noticed a lemure
  3273 | D:4      | Noticed an ogre
  3275 | D:4      | Noticed avis's ghost (amateur DgWr)
  3276 | D:4      | Found a transporter.
  3279 | D:4      | Found a transporter.
  3281 | D:4      | Identified the +6 dire flail of Proximity {spect, Drain Fly
                  | Will+ Dex+4}
  3281 | D:4      | Noticed an ogre
  3293 | D:4      | You fall into a shaft and drop 3 floors!
  3303 | D:7      | Noticed a sky beast
  3341 | D:7      | Noticed a water moccasin
  3390 | D:7      | Noticed a necrophage
  3628 | D:8      | Slain by a killer bee

Illustrated notes

Levels and vault maps discovered:
D:1:      ncdulo_smallfort, layout_rooms
D:2:      layout_loops_corners, minmay_goblin_kobold_house
D:3:      layout_basic, old_standard_altar
D:4:      layout_basic, gammafunk_temple_overflow_claw, gammafunk_ghost_smash,
          uniq_pikel, uniq_duvessa
D:7:      layout_loops_corners, grunt_temple_overflow_holy_war,
          okawaru_altar_gauntlet_db, serial_shops,
          nicolae_shop_advertising_works [nicolae_subvault_shop_adworks]
D:8:      layout_rooms, david_lair_shrubbed, uniq_joseph

Skill      XL: |  1  2  3 |
---------------+----------+-----
Conjurations   | 3 |  3.9
Dodging        | 3 |  3.2
Spellcasting   | 3 |  3.4
Short Blades   | |  0.9
Stealth        | |  3.6

Action                   |  1- 3 |  4- 6 || total
-------------------------+-------+-------++-------
 Cast: Magic Dart        |    80 |    36 ||   116
Dodge: Dodged            |     1 |    12 ||    13

Table legend: (Time is in decaauts)
 A = Elapsed time spent in this place.
 B = Non-inter-level travel time spent in this place.
 C = Inter-level travel time spent in this place.
 D = Time resting spent in this place.
 E = Time spent auto-exploring this place.
 F = Levels seen in this place.
 G = Mean time per level.
                   A        B        C        D        E       F      G
               +--------+--------+--------+--------+--------+-----+--------+
         Total |   2613 |   2427 |    186 |     33 |   1914 |   6 |  435.5 |
       Dungeon |   2613 |   2427 |    186 |     33 |   1914 |   6 |  435.5 |
               +--------+--------+--------+--------+--------+-----+--------+

Top non-repeatable levels by time:
     D:2: 836 daAuts
     D:1: 712 daAuts
     D:3: 653 daAuts
     D:7: 207 daAuts
     D:4: 201 daAuts
     D:8: 2 daAuts
